 Dungeon Crawl Stone Soup version 0.20-a0-274-g7b51309 (webtiles) character file.

82 PurpleRed the Insei (level 4, -3/31 HPs)
             Began as a Vampire Transmuter on Dec 11, 2016.
             Slain by a gnoll
             ... wielding a +0 flail
              (7 damage)
             ... on level 2 of the Dungeon.
             The game lasted 00:04:07 (1409 turns).

PurpleRed the Insei (Vampire Transmuter)            Turns: 1409, Time: 00:04:07

Health: -3/31      AC:  0    Str: 10    XL:     4   Next: 21%
Magic:  4/7        EV: 20    Int: 15    God:
Gold:   60         SH:  0    Dex: 19    Spells: 6/7 levels left

rFire  . . .     SeeInvis +       - Unarmed
rCold  . . .     Gourm    .     (armour currently unavailable)
rNeg   + . .     Faith    .     (shield currently unavailable)
rPois  .         Spirit   .     (helmet currently unavailable)
rElec  .         Reflect  .     (cloak currently unavailable)
rCorr  .         Harm     +     (gloves currently unavailable)
MR     .....                    (boots currently unavailable)
Stlth  ++++......               f - amulet of harm
                                (ring currently unavailable)
                                (ring currently unavailable)

@: bat-form, flying, very quick
A: fangs 3, see invisible, (unbreathing)
a: End Transformation


You were on level 2 of the Dungeon.
You were not thirsty.
You were in vampire-bat-form.
You visited 1 branch of the dungeon, and saw 2 of its levels.

You collected 60 gold pieces.

Inventory:

Missiles
 a - 36 arrows
Armour
 b - a +0 robe
 j - a +0 ring mail (melded)
Jewellery
 f - an amulet of harm (around neck)
Scrolls
 e - a scroll of immolation {unknown}
 g - 2 scrolls of remove curse {unknown}
 i - a scroll of identify {unknown}
Potions
 d - 16 potions of blood
 h - 5 potions of curing {unknown}
 k - a potion of flight {unknown}
Books
 c - a book of Changes

   Spells                             Type                      Level
   a - Beastly Appendage              Transmutation                1
   b - Sticks to Snakes               Transmutation                2
   c - Spider Form                    Transmutation/Poison         3
   d - Ice Form                       Ice/Transmutation            4
   e - Blade Hands                    Transmutation                5


   Skills:
 - Level 0.8 Fighting
 - Level 2.1 Dodging
 + Level 5.5 Unarmed Combat
 - Level 2.0 Spellcasting
 - Level 2.1 Transmutations


You had 6 spell levels left.
You knew the following spells:

 Your Spells              Type           Power        Failure   Level  Hunger
a - Beastly Appendage     Tmut           #.....       12%         1    #......


Dungeon Overview and Level Annotations

Branches:
Dungeon (2/15)

Altars:


Innate Abilities, Weirdness & Mutations

You have razor-sharp teeth.
You have supernaturally acute eyesight. (SInv)
((You can survive without breathing.))


Message History

The gnoll hits you with a flail!
You barely miss the gnoll. You claw the gnoll.
The gnoll is heavily wounded.
The gnoll hits you but does no damage.
You hit the gnoll. You claw the gnoll.
The gnoll is almost dead.
You hit the gnoll. Your kick misses the gnoll.
The gnoll is almost dead.
The gnoll hits you with a flail!
* * * LOW HITPOINT WARNING * * *
You fail to use your ability.
The gnoll hits you with a flail.
* * * LOW HITPOINT WARNING * * *
The hound bites the bush but does no damage.
Your transformation is almost over.
Okay, then.
You fail to use your ability.
The gnoll barely misses you.
Your talons disappear.
You turn into a vampire bat.
Your +0 ring mail melds into your body.
The gnoll hits you with a flail.
You die...

#.# #.# #.# ###.# #...#
#### #.### #..# ## #.#
#..# ..#
##.########.P#...#
#..bgh.......'...#
#..########.P#+#+#
###..## #..# #.....#
#..# ##### #.#...# ####
#.... #.#...##### #.###
#.#รท.......#######.###
#.#.#.#.##............
#...........######.##.


You could see a hound and a gnoll.

Vanquished Creatures
  A hound (D:2)
  An adder (D:2)
  2 oozes
  A worm (D:2)
  2 dart slugs
  A giant cockroach (D:1)
  3 goblins (D:1)
  3 hobgoblins
  2 bats (D:1)
  3 frilled lizards
  10 kobolds
  5 rats
34 creatures vanquished.

Notes
Turn   | Place    | Note
-------+----------+-------------------------------------------
     0 | D:1      | PurpleRed the Vampire Transmuter began the quest for the Orb.
     0 | D:1      | Reached XP level 1. HP: 14/14 MP: 3/3
   377 | D:1      | Reached XP level 2. HP: 20/20 MP: 3/5
   382 | D:1      | Reached skill level 4 in Unarmed Combat
   951 | D:1      | Reached XP level 3. HP: 20/25 MP: 4/6
  1179 | D:2      | Reached skill level 5 in Unarmed Combat
  1388 | D:2      | Reached XP level 4. HP: 30/31 MP: 5/7
  1409 | D:2      | Slain by a gnoll

Vault maps used:
D:1:      wheals_arrival_linesprint, kennysheep_another_room
D:2:      lemuel_coloured_pillars_altar, lemuel_crystal_altar, first_bread,
          cheibrodos_gnoll_hut

Skill      XL: |  1  2  3 |
---------------+----------+-----
Unarmed Combat | 4 5 |  5.5
Fighting       | |  0.8
Dodging        | |  2.1
Spellcasting   | |  2.0
Transmutations | |  2.1

Action                   |  1- 3 |  4- 6 || total
-------------------------+-------+-------++-------
Melee: Unarmed           |    85 |     8 ||    93
       Kick              |     7 |     3 ||    10
       Bite              |     7 |       ||     7
       Headbutt          |     3 |       ||     3
       Punch             |     1 |       ||     1
 Cast: Beastly Appendage |    21 |     1 ||    22
 Abil: Bat Form          |       |     1 ||     1
  Use: Potion            |     3 |       ||     3
Armor: Robe              |     6 |       ||     6
       Ring mail         |    10 |     1 ||    11
Dodge: Dodged            |    43 |     4 ||    47
